 Dungeon Crawl Stone Soup version 0.28.0-47-ge53b351184 (webtiles) character file.

Game seed: 10300330789809970830

837 bobregger the Basher (level 7, 0/70 HPs)
             Began as an Ogre Berserker on May 4, 2022.
             Was a Follower of Trog.
             Slain by an ogre
             ... wielding a +0 giant club
              (24 damage)
             ... on level 5 of the Dungeon.
             The game lasted 00:04:44 (5119 turns).

bobregger the Basher (Ogre Berserker)               Turns: 5119, Time: 00:04:44

Health: 0/70       AC:  5    Str: 22    XL:     7   Next: 99%
Magic:  6/6        EV: 10    Int:  8    God:    Trog [*.....]
Gold:   149        SH:  0    Dex: 10    Spells: 6/6 levels left

rFire   . . .      SeeInvis .   c - +0 dire flail (holy)
rCold   . . .      Faith    .   (shield currently unavailable)
rNeg    + . .      Spirit   .   b - +0 animal skin
rPois   .          Reflect  .   (helmet restricted)
rElec   .          Harm     .   f - +1 cloak
rCorr   .          Rampage  .   (gloves unavailable)
Will    .....                   (boots unavailable)
Stlth   +.........              d - amulet of the acrobat
HPRegen 0.21/turn               a - ring of positive energy
MPRegen 0.10/turn               (no ring)

@: no status effects
A: large, unfitting armour, tough skin 1, hooves 1, low MP 1
a: Renounce Religion, Berserk


You were on level 5 of the Dungeon.
You worshipped Trog.
Trog was aware of your devotion.
You visited 1 branch of the dungeon, and saw 6 of its levels.

You collected 149 gold pieces.

Inventory:

Hand Weapons
 c - a +0 dire flail of holy wrath (weapon)
 m - a +1 giant spiked club
Armour
 b - a +0 animal skin (worn)
 f - a +1 cloak (worn)
Jewellery
 a - a ring of positive energy (left hand)
 d - an amulet of the acrobat (around neck)
Scrolls
 g - a scroll of fear
 j - a scroll of teleportation
 k - a scroll of torment {unknown}
Potions
 e - 3 potions of berserk rage
 h - a potion of lignification {unknown}
 i - a potion of flight {unknown}
 l - a potion of cancellation {unknown}
 n - a potion of ambrosia {unknown}
 o - a potion of might {unknown}


   Skills:
 - Level 4.0 Fighting
 + Level 8.4 Maces & Flails
 - Level 2.6 Dodging


You had 6 spell levels left.
You didn't know any spells.
Your spell library was empty.

Dungeon Overview and Level Annotations

Branches:
Dungeon (6/15)
 Temple: D:4-7

Altars:
Cheibriados
Hepliaklqana
Kikubaaqudgha

Shops:
D:2 [


Innate Abilities, Weirdness & Mutations

You are too large for most types of armour.
You have tough skin. (AC +1)
You have large cloven feet.
Your magical capacity is low. (-10% MP)


Message History

You puncture the quokka!
You kill the quokka!
Trog accepts your kill. The bullfrog zombie hits you.
You closely miss the bullfrog zombie. You kick the bullfrog zombie.
The bullfrog zombie is moderately damaged.
The bullfrog zombie hits you but does no damage.
You closely miss the bullfrog zombie.
The bullfrog zombie is moderately damaged.
The bullfrog zombie hits you but does no damage.
You barely miss the bullfrog zombie. You kick the bullfrog zombie.
The bullfrog zombie is moderately damaged.
The bullfrog zombie hits you.
You impale the bullfrog zombie!!
The bullfrog zombie convulses!
You destroy the bullfrog zombie!
Trog accepts your kill.
You open the door.
There is an open door here.
Found 4 javelins.
You open the door.
There is an open door here.
k - a scroll labelled HAIDEL HEONLY An ogre comes into view.
It is wielding a +0 giant club.
An ogre is nearby!
The ogre shouts!
You hit the ogre. You kick the ogre, but do no damage.
The ogre is lightly wounded.
The ogre hits you with a +0 giant club!
You sock the ogre!
The ogre is heavily wounded.
You hit the ogre. You kick the ogre.
The ogre is severely wounded.
The ogre hits you with a +0 giant club!!
You barely miss the ogre.
The ogre is severely wounded.
The ogre hits you with a +0 giant club!
You barely miss the ogre.
The ogre is severely wounded.
The ogre hits you with a +0 giant club!!
You die...

.###.#######.##.......#
.......#####..#.......#
............#.#.......#
.....########.#.......#
.......# #..########
.###.#.# ##.## .# #.#.#
#..# .# #.#.# ##.##
'###.#.##### #.@#
...#.......# ##O#
...#.......+ ....
...#.......# ##.###
...........# #.#
...........# #.#
...........# #..
.##........# ##.
.##........#


You could see an ogre.

Vanquished Creatures
  Sigmund (D:2)
  Edmund (D:6)
  An ogre (D:4)
  A scorpion (D:6)
  A water moccasin skeleton (D:5)
  A wight (D:6)
  The ghost of Cruo the Skirmisher, a weakling HuCK of Xom (D:2)
  2 jellies (D:6)
  Crazy Yiuf (D:3)
  A bullfrog zombie (D:5)
  A centaur skeleton (D:2)
  A hound (D:4)
  An iguana (D:6)
  3 adders
  2 ufetubi (D:6)
  2 endoplasms (D:2)
  2 giant cockroaches
  7 goblins
  4 hobgoblins
  3 kobolds (D:2)
  4 quokkas
  3 ball pythons
  3 bats
  5 frilled lizards
  5 rats
57 creatures vanquished.

Notes
Turn   | Place    | Note
-------+----------+-------------------------------------------
     0 | D:1      | bobregger the Ogre Berserker began the quest for the Orb.
     0 | D:1      | Reached XP level 1. HP: 24/24 MP: 1/1
   123 | D:1      | Reached skill level 3 in Maces & Flails
   414 | D:1      | Found a faded altar of an unknown god.
   436 | D:1      | Reached XP level 2. HP: 32/32 MP: 2/2
  1337 | D:2      | Reached XP level 3. HP: 34/39 MP: 3/3
  1486 | D:2      | Noticed Sigmund
  1497 | D:2      | Killed Sigmund
  1498 | D:2      | Reached skill level 5 in Maces & Flails
  1498 | D:2      | Reached XP level 4. HP: 24/48 MP: 4/4
  1498 | D:2      | Reached XP level 5. HP: 27/54 MP: 5/5
  1707 | D:2      | Reached XP level 6. HP: 49/62 MP: 6/6
  1903 | D:2      | Reached skill level 6 in Maces & Flails
  2108 | D:2      | Reached ** piety under Trog
  2503 | D:2      | Found Qeg Lik's Armour Emporium.
  2617 | D:3      | Found a large runed translucent door.
  2620 | D:3      | Found a large runed translucent door.
  2621 | D:3      | Noticed Cruo's ghost (weakling HuCK)
  2837 | D:2      | Killed Cruo's ghost
  3285 | D:3      | Found a hazy altar of Hepliaklqana.
  3372 | D:3      | Found a runed translucent door.
  3373 | D:3      | Noticed Crazy Yiuf
  3454 | D:3      | Killed Crazy Yiuf
  3582 | D:3      | Found an ancient bone altar of Kikubaaqudgha.
  3587 | D:3      | Found a snail-covered altar of Cheibriados.
  4082 | D:4      | Reached skill level 7 in Maces & Flails
  4082 | D:4      | Reached XP level 7. HP: 49/70 MP: 7/7
  4350 | D:4      | You fall into a shaft and drop 2 floors!
  4350 | D:6      | Noticed Edmund
  4391 | D:6      | Gained mutation: Your magical capacity is low. (-10% MP)
                  | [potion of mutation]
  4391 | D:6      | Gained mutation: You have large cloven feet. [potion of
                  | mutation]
  4401 | D:6      | Killed Edmund
  4510 | D:6      | Reached skill level 8 in Maces & Flails
  4908 | D:5      | Entered Level 5 of the Dungeon
  5119 | D:5      | Slain by an ogre

Illustrated notes

Levels and vault maps discovered:
D:1:      elethiomel_arrival_infinity_welcomes_careful_drivers, layout_basic,
          hellmonk_ecumenical_altar_crossroads
D:2:      layout_basic, serial_shops, nicolae_shop_window_shopping,
          serial_park_tiny_1, uniq_sigmund
D:3:      layout_basic, lemuel_crystal_altar, grunt_temple_overflow_open,
          ebering_ghost_disaster_area, kennysheep_generic_room_4,
          uniq_crazy_yiuf_cottage
D:4:      layout_basic, minmay_misc_feat_roman
D:5:      layout_basic
D:6:      layout_rooms, mainiacjoe_overflow_alcove_3, uniq_edmund

Skill      XL: |  1  2  3  4  5  6  7 |
---------------+----------------------+-----
Maces & Flails | 3 5 7 8 |  8.4
Fighting       | |  4.0
Dodging        | |  2.6

Action                   |  1- 3 |  4- 6 |  7- 9 || total
-------------------------+-------+-------+-------++-------
Melee: Mace              |    65 |   141 |    28 ||   234
       Punch             |       |     2 |       ||     2
       Dire flail        |       |       |    26 ||    26
       Kick              |       |       |    14 ||    14
Invok: Berserk           |     1 |     5 |     1 ||     7
  Use: Scroll            |       |     4 |     3 ||     7
       Potion            |       |       |     2 ||     2
Armor: Animal skin       |    17 |    36 |     7 ||    60
Dodge: Dodged            |    53 |   115 |    60 ||   228
